 Dungeon Crawl Stone Soup version 0.20-a0-785-g17250f0 (webtiles) character file.

4802 Gorglomux the Slinger (level 10, -8/72 HPs)
             Began as a Halfling Hunter on Feb 27, 2017.
             Was a Believer of Okawaru.
             Killed from afar by Erica (28 damage)
             ... with an orb of energy
             ... on level 7 of the Dungeon.
             The game lasted 00:21:04 (10384 turns).

Gorglomux the Slinger (Halfling Hunter)            Turns: 10384, Time: 00:21:05

Health: -8/72      AC:  7    Str: 13    XL:     10   Next: 76%
Magic:  19/19      EV: 19    Int:  9    God:    Okawaru [**....]
Gold:   102        SH:  9    Dex: 19    Spells: 9/9 levels left

rFire    . . .     SeeInvis .   b - +0 short sword
rCold    . . .     Gourm    .   C - +0 troll leather armour
rNeg     . . .     Faith    .   Z - +0 buckler
rPois    .         Spirit   .   (no helmet)
rElec    .         Reflect  +   (no cloak)
rCorr    .         Harm     .   N - +0 pair of gloves
MR       .....                  (no boots)
Stlth    ++........             O - +2 amulet of reflection
Regen    0.7/turn               E - ring of magical power
MPRegen  0.2/turn               W - +1 ring of protection

@: exhausted, slowed, very slow
A: mutation resistance 1
a: Heroism, Renounce Religion


You were on level 7 of the Dungeon.
You worshipped Okawaru.
Okawaru was pleased with you.
You were not hungry.

You visited 2 branches of the dungeon, and saw 9 of its levels.
You also visited: Ossuary.

You collected 344 gold pieces.
You spent 242 gold pieces at shops.

Inventory:

Hand Weapons
 a - a +1 hunting sling
 b - a +0 short sword (weapon)
Armour
 c - a +0 leather armour
 C - a +0 troll leather armour (worn)
 N - a +0 pair of gloves (worn)
 Z - a +0 buckler (worn)
Jewellery
 E - a ring of magical power (right hand)
 O - a +2 amulet of reflection (around neck)
 W - a +1 ring of protection (left hand)
Wands
 P - a wand of paralysis (5/24)
Scrolls
 l - 2 scrolls of fog
 n - a scroll of enchant weapon
 L - 2 scrolls of recharging
 M - a scroll of magic mapping
 S - 4 scrolls of remove curse {remove curse, unknown}
Potions
 i - 3 potions of curing
 j - 2 potions of degeneration
 k - 5 potions of heal wounds
 A - a potion of agility
 B - a potion of magic
 H - a potion of brilliance
 I - a potion of ambrosia
 J - a potion of resistance
 K - 2 potions of invisibility
 Q - 3 potions of lignification
 U - 2 potions of might
 Y - a potion of flight
Books
 F - a book of Minor Magic

   Spells                             Type                      Level
   a - Magic Dart                     Conjuration                  1
   b - Blink                          Translocation                2
   c - Call Imp                       Summoning                    2
   d - Slow                           Hexes                        2
   e - Conjure Flame                  Conjuration/Fire             3
   f - Mephitic Cloud                 Conjuration/Poison/Air       3
Comestibles
 f - 9 bread rations
 T - 2 chunks of flesh
 V - a meat ration
 X - 2 royal jellies


   Skills:
 + Level 8.1 Fighting
 - Level 12.1 Slings
 - Level 5.3 Armour
 - Level 6.0 Dodging
 - Level 1.1 Stealth
 - Level 7.0 Shields


You had 9 spell levels left.
You didn't know any spells.

Dungeon Overview and Level Annotations

Branches:
Dungeon (8/15)             Temple (1/1) D:5
   Lair: D:8-11

Altars:
Ashenzari
Dithmenos
Fedhas
Kikubaaqudgha
Makhleb
Nemelex Xobeh
Okawaru
Qazlal
Ru
Sif Muna
Trog
Uskayaw
Wu Jian
Xom
Zin
The Shining One

Shops:
D:7 !%:

Annotations:
D:7 Erica
D:8 Maurice, Prince Ribbit


Innate Abilities, Weirdness & Mutations

You are small and have problems with some larger weapons.
You are somewhat resistant to further mutation.


Message History

A bolt of poison appears from out of thin air!
The bolt of poison hits the orc.
The orc dies!
The bolt of poison hits you!
You are poisoned.
* * * LOW HITPOINT WARNING * * *
You feel better. Something closely misses you.
Okay, then.
Okay, then.
Evoke which item? (* to show all) (? for menu, Esc to quit)
Aiming: Paralyse
Press: ? - help, Shift-Dir - straight line Nothing appears to happen.
This wand has 5 charges left.
You hear some strange, mumbled words.
A bolt of poison appears from out of thin air!
The bolt of poison misses you.
You hear some strange, mumbled words.
An orb of energy appears from out of thin air!
The orb of energy hits you!
You die...

.################.((.....((..#
..........#.....###...###....#
#................#.....##....#
#...................##.......#
#...................####.....##
.................8..# #...<..###
#...................## #......#..
...............8...8.# #........#
#...............@....# #..#.#...#
#...............{8...# #..#.#..##
#.<.......#......>...###..#.#..#
######....##.........##..##.#..#
##.......########...##...##
##......)...# #..#.##...##
###...#...#.#.# #.##.##.#..##
#####.........#######.##.##.#...#
..............# #.......#.#.#.#


There were no monsters in sight!

Vanquished Creatures
  Pikel (D:5)
  A manticore (D:6)
  A troll (D:8)
  Sigmund (D:6)
  A spriggan (D:7)
  Grum (D:8)
  A hungry ghost (D:8)
  An orc warrior (D:4)
  3 ice beasts
  4 slaves (D:5)
  A black bear (D:8)
  2 sky beasts
  A necrophage (D:8)
  3 ogres
  2 wolves (D:8)
  5 centaurs
  2 bullfrogs (D:6)
  A scorpion (D:6)
  3 wights (D:7)
  A crimson imp (D:6)
  3 jellies
  A quasit (D:8)
  A hound (D:4)
  A centaur skeleton (D:6)
  7 orc priests
  3 iguanas
  7 orc wizards
  10 worker ants
  4 big kobold zombies (Ossuary)
  A hound skeleton (D:4)
  A mummy (Ossuary)
  3 worker ant zombies
  A howler monkey zombie (D:6)
  3 gnolls (D:2)
  7 adders
  A shadow imp (D:6)
  4 oozes
  An adder skeleton (D:6)
  2 worms
  3 leopard geckos
  32 orcs
  5 spectral bats (Ossuary)
  7 bats
  2 giant cockroaches
  7 goblins
  8 hobgoblins
  9 jackals
  3 quokkas
  A bat simulacrum (Ossuary)
  6 frilled lizards
  8 gnoll zombies (Ossuary)
  7 goblin simulacra (Ossuary)
  2 goblin zombies (Ossuary)
  4 hobgoblin zombies (Ossuary)
  A jackal skeleton (D:4)
  5 kobolds
  4 kobold simulacra (Ossuary)
  6 kobold zombies (Ossuary)
  6 orc zombies (Ossuary)
  4 rats
  5 rat simulacra (Ossuary)
  4 spectral goblins (Ossuary)
  2 spectral kobolds (Ossuary)
  3 spectral rats (Ossuary)
241 creatures vanquished.

Vanquished Creatures (others)
  An orc warrior (D:6)
  An orc priest (D:5)
  2 orcs
  3 jackals (D:5)
7 creatures vanquished.

Grand Total: 248 creatures vanquished

Notes
Turn   | Place    | Note
-------+----------+-------------------------------------------
     0 | D:1      | Gorglomux the Halfling Hunter began the quest for the Orb.
     0 | D:1      | Reached XP level 1. HP: 14/14 MP: 1/1
    79 | D:1      | Reached skill level 6 in Slings
   112 | D:1      | Reached XP level 2. HP: 19/19 MP: 2/2
   321 | D:1      | Reached skill level 7 in Slings
   321 | D:1      | Reached XP level 3. HP: 20/24 MP: 3/3
   949 | D:2      | Found a faded altar of an unknown god.
   983 | D:2      | Became a worshipper of Sif Muna the Loreminder
   983 | D:2      | Reached * piety under Sif Muna
  1289 | D:2      | Found a deep blue altar of Sif Muna.
  1380 | D:2      | Reached XP level 4. HP: 29/29 MP: 4/4
  1387 | D:2      | Reached skill level 8 in Slings
  1668 | D:3      | Reached XP level 5. HP: 17/34 MP: 5/5
  1962 | D:3      | Fell from the grace of Sif Muna
  1967 | D:3      | Reached skill level 9 in Slings
  2152 | D:3      | Reached XP level 6. HP: 30/39 MP: 6/6
  2533 | D:3      | Reached skill level 10 in Slings
  2685 | D:4      | Noticed an orc warrior
  2694 | D:4      | Killed an orc warrior
  2836 | D:4      | Reached skill level 11 in Slings
  2836 | D:4      | Reached XP level 7. HP: 44/44 MP: 7/7
  3720 | D:5      | Entered Level 5 of the Dungeon
  3956 | D:5      | Reached skill level 12 in Slings
  4206 | D:5      | Noticed Pikel
  4459 | D:5      | Reached skill level 1 in Shields
  4643 | D:5      | Killed Pikel
  4643 | D:5      | Reached XP level 8. HP: 23/49 MP: 8/8
  4915 | D:5      | Found a staircase to the Ecumenical Temple.
  5113 | D:5      | Reached skill level 6 in Shields
  5348 | Temple   | Entered the Ecumenical Temple
  5384 | Temple   | Became a worshipper of Warmaster Okawaru
  6242 | D:6      | Reached skill level 1 in Armour
  6242 | D:6      | Reached XP level 9. HP: 54/54 MP: 9/9
  6272 | D:6      | Reached skill level 3 in Dodging
  6487 | D:6      | Reached skill level 3 in Fighting
  6555 | D:6      | Reached skill level 3 in Armour
  6751 | D:6      | Noticed a manticore
  6775 | D:6      | Killed a manticore
  6775 | D:6      | Reached * piety under Okawaru
  7957 | D:6      | Reached XP level 10. HP: 56/65 MP: 10/10
  7989 | D:6      | Noticed Sigmund
  8007 | D:6      | Killed Sigmund
  8068 | D:6      | Reached skill level 6 in Dodging
  8111 | D:7      | Found Cegumoyg's Distillery.
  8119 | D:7      | Bought a potion of ambrosia for 88 gold pieces
  8119 | D:7      | Bought a potion of degeneration for 11 gold pieces
  8119 | D:7      | Bought a potion of brilliance for 44 gold pieces
  8119 | D:7      | Bought a potion of berserk rage for 55 gold pieces
  8119 | D:7      | Bought a potion of might for 44 gold pieces
  8156 | D:7      | Found a sand-covered staircase.
  8164 | D:7      | Reached ** piety under Okawaru
  8203 | Ossuary  | Entered an ossuary
  8989 | D:7      | Reached skill level 6 in Fighting
  8995 | D:7      | Found Coruf's Book Boutique.
  9319 | D:7      | Found Uguffuim's Food Shoppe.
  9718 | D:8      | Noticed Grum
  9731 | D:8      | Killed Grum
  9766 | D:8      | Reached *** piety under Okawaru
  9962 | D:8      | Noticed Maurice
  9988 | D:8      | Noticed Erica
 10074 | D:8      | Was forgiven by Sif Muna
 10106 | D:8      | Noticed a two-headed ogre
 10365 | D:8      | Noticed Prince Ribbit
 10384 | D:7      | Killed from afar by Erica

Vault maps used:
D:1:      dpeg_arrival_short_road
D:2:      lemuel_blue_sif_altar, chequers_ecumenical_altar_island
D:4:      first_bread
D:5:      lemuel_temple_firewalk_b, uniq_pikel
D:6:      kb_rosetta, uniq_sigmund
D:7:      serial_shops, nicolae_shop_stone, shop_statue, kennysheep_little_box,
          nicolae_ossuary_entry_monument, the_bakery
D:8:      hangedman_minor_gate_pass, uniq_maurice, uniq_erica,
          uniq_prince_ribbit1, uniq_grum
Temple:   nicolae_temple_the_god_donut
Ossuary:  ossuary_zaba_two_paths

Skill      XL: |  1  2  3  4  5  6  7  8  9 10 |
---------------+-------------------------------+-----
Slings         | 6 7 8 9 11 12 | 12.1
Shields        | 5 7 |  7.0
Fighting       | 2 4 8 |  8.1
Armour         | 1 4 5 |  5.3
Dodging        | 5 6 |  6.0
Stealth        | |  1.1

Action                   |  1- 3 |  4- 6 |  7- 9 | 10-12 || total
-------------------------+-------+-------+-------+-------++-------
Melee: Short sword       |    61 |       |   127 |   350 ||   538
       Hunting sling     |       |       |       |     1 ||     1
 Fire: Hunting sling     |    46 |   213 |   438 |   281 ||   978
Throw: Throwing net      |       |       |     4 |       ||     4
Invok: Renounce Religion |       |     1 |       |       ||     1
       Heroism           |       |       |       |     5 ||     5
Evoke: Wand              |       |       |       |     8 ||     8
  Use: Scroll            |       |       |     3 |    13 ||    16
       Potion            |       |       |       |     4 ||     4
 Stab: Paralysed         |       |       |       |     9 ||     9
       Sleeping          |       |       |       |     3 ||     3
  Eat: Chunk             |     1 |     5 |    13 |     8 ||    27
       Royal jelly       |       |       |     1 |     1 ||     2
Armor: Leather armour    |    14 |    14 |    25 |    32 ||    85
       Troll leather arm |       |       |       |     7 ||     7
Dodge: Dodged            |    64 |    37 |   128 |   272 ||   501
Block: Other             |       |       |     2 |       ||     2
       Buckler           |       |       |    93 |   218 ||   311
       Reflection        |       |       |     3 |     4 ||     7
